 Dungeon Crawl Stone Soup version 0.30.1-4-g462c640d31 (webtiles) character file.

Game seed: 383312352437823093

3663 Gabide the Spear-Bearer (level 9, -3/75 HPs)
             Began as a Demigod Fighter on Sept 1, 2023.
             Slain by a large abomination (31 damage)
             ... on level 1 of the Abyss.
             The game lasted 00:15:52 (8200 turns).

Gabide the Spear-Bearer (Demigod Fighter)           Turns: 8200, Time: 00:15:53

Health: -3/75      AC: 15    Str: 25    XL:     9   Next: 58%
Magic:  11/11      EV:  9    Int: 10    God:
Gold:   437        SH:  4    Dex: 13    Spells: 8/8 levels left

rFire   . . .        a - +2 trident (venom)
rCold   . . .        c - +0 buckler
rNeg    . . .        g - +0 chain mail
rPois   .            (no helmet)
rElec   .            (no cloak)
rCorr   .            w - +4 pair of gloves of Engaim {*Corrode Will+ SInv}
SInv    +            n - +0 pair of boots
Will    +....        o - amulet of the acrobat Stlth
                     i - ring of see invisible
HPRegen 0.32/turn    (no ring)
MPRegen 0.12/turn

%: corrode self (3%), acrobat
@: on berserk cooldown
A: high MP 1, forlorn, divine attributes, [screaming 2], [weak 2], [subdued
magic 3]
a: no special abilities


You were on level 1 of the Abyss.
You visited 2 branches of the dungeon, and saw 9 of its levels.
You visited the Abyss 1 time.

You collected 437 gold pieces.

Inventory:

Hand Weapons
 a - a +2 trident of venom (weapon)
 A - a +2 antimagic spear
Missiles
 m - 3 throwing nets (quivered)
Armour
 c - a +0 buckler (worn)
 g - a +0 chain mail (worn)
 n - a +0 pair of boots (worn)
 p - a +0 pair of gloves
 w - the +4 pair of gloves of Engaim (worn) {*Corrode Will+ SInv}
   (You acquired it on level 5 of the Dungeon)

   SInv:      It lets you see invisible.
   *Corrode:  It may corrode you when you take damage.
   Will:      It increases your willpower.
Jewellery
 i - a ring of see invisible (left hand)
 o - an amulet of the acrobat (around neck)
 y - a ring of fire
Wands
 k - a wand of iceblast (8)
 r - a wand of acid (5)
 s - a wand of flame (17)
 B - a wand of mindburst (11)
Scrolls
 h - 3 scrolls of teleportation
 x - 2 scrolls of immolation
 D - a scroll of identify
 E - a scroll of fear
Potions
 b - a potion of curing
 d - 2 potions of might
 e - a potion of degeneration {unknown}
 f - a potion of lignification {unknown}
 j - 6 potions of mutation
 l - 2 potions of heal wounds
 q - 2 potions of berserk rage
 t - 2 potions of attraction
 v - 2 potions of brilliance {unknown}
 z - 2 potions of haste {unknown}
 C - a potion of flight {unknown}


   Skills:
 - Level 6.0 Fighting
 + Level 11.0 Polearms
 - Level 3.0 Throwing
 - Level 3.0 Armour
 - Level 3.0 Dodging
 - Level 3.0 Shields


You had 8 spell levels left.
You didn't know any spells.
Your spell library contained the following spells:

 Spells                   Type           Power      Damage    Failure   Level
 Freeze                   Ice            0%         1d3       88%         1
 Magic Dart               Conj           0%         1d3       88%         1
 Summon Small Mammal      Summ           0%         N/A       88%         1
 Poisonous Vapours        Pois/Air       0%         N/A       96%         2
 Searing Ray              Conj           0%         2d4       96%         2
 Call Canine Familiar     Summ           0%         N/A       99%         3
 Frozen Ramparts          Ice            0%         1d1       99%         3
 Hailstorm                Conj/Ice       0%         3d3       99%         3
 Mephitic Cloud           Conj/Pois/Air  0%         N/A       99%         3
 Ozocubu's Armour         Ice            0%         N/A       99%         3
 Summon Guardian Golem    Hex/Summ       0%         N/A       99%         3
 Fulminant Prism          Conj/Hex       0%         3d5       100%        4
 Freezing Cloud           Conj/Ice/Air   0%         6-21      100%        5
 Metabolic Englaciation   Hex/Ice        0%         N/A       100%        5
 Simulacrum               Ice/Necr       0%         N/A       100%        6


Dungeon Overview and Level Annotations

Branches:
Dungeon (8/15)             Temple (1/1) D:6
   Lair: D:8-11

Shops:
D:2 :   D:6 !   D:7 :

Annotations:
D:6 2 transporters, Labrat's ghost, novice MeEE


Innate Abilities, Weirdness & Mutations

You have an increased reservoir of magic. (+10% MP)
You shall have no god before yourself.
Your divine heritage dramatically boosts your attributes as you level up.
[You frequently scream uncontrollably at your foes.]
[You are very weak. (Str -4)]
[Your spells are much easier to cast, but much less powerful.]


Message History

A large abomination is nearby!
You feel a little less mighty now.
Reach: a) +2 trident (venom)
Press: ? - help, Dir - move target, f - large abomination
Aim: a large abomination (about 18% to evade your +2 trident of venom)
You reach to attack!
You hit the large abomination.
The large abomination is lightly damaged.
Unknown command.
Reach: a) +2 trident (venom)
Press: ? - help, Dir - move target, f/p - large abomination
Aim: a large abomination (lightly damaged, about 18% to evade your +2 trident of venom)
You reach to attack!
You hit the large abomination but do no damage.
The large abomination is lightly damaged.
You hit the large abomination but do no damage.
The large abomination is lightly damaged.
You puncture the large abomination!
The large abomination is moderately damaged.
You block the large abomination's attack.
You barely miss the large abomination.
The large abomination is moderately damaged.
You puncture the large abomination!
The large abomination is heavily damaged.
A bone dragon comes into view.
You hit the large abomination but do no damage.
The large abomination is heavily damaged.
The large abomination hits you.
You hit the large abomination.
The large abomination is heavily damaged.
You puncture the large abomination!
The large abomination is severely damaged.
The large abomination hits you but does no damage.
You hit the large abomination but do no damage.
The large abomination is severely damaged.
An iron imp comes into view.
The iron imp shouts, "Return whence thou came, thou skyhacking hedge-born cross-patch!"
You puncture the large abomination!
The large abomination is almost destroyed.
The large abomination hits you!!
You die...

## . .# .. #.
##.# #.###...
..#.D .
##...## .
##.#...#.#.#
#..X........ .
##.@..##...
...##.#.....#
# ... 5###.##
#.# .#.# .. #
#..#... ..#
#.#.#. .#....
#.#..##.#..##.
... .# . .. ..
.# #. ##


You could see a bone dragon, a large abomination and an iron imp.

Vanquished Creatures
  6 yaks
  A chaos spawn (Abyss:1)
  The ghost of ripuliukko the Magician, an amateur DEEE (D:4)
  3 water moccasins
  An orc warrior (D:6)
  2 black bears
  An ogre (D:6)
  2 sky beasts
  2 centaurs (D:5)
  A phantom (D:6)
  A small abomination (Abyss:1)
  2 gnoll sergeants
  Blork the orc (D:6)
  A scorpion (D:5)
  3 bullfrogs
  5 wights
  A hound (D:6)
  3 orc priests
  2 iguanas (D:5)
  A sleepcap (D:5)
  A gnoll bouda (D:7)
  Natasha (thrice) (D:4)
  2 orc wizards (D:5)
  14 gnolls
  8 adders
  3 shadow imps
  A white imp (D:7)
  2 ufetubi
  A worm (D:3)
  7 dart slugs
  12 orcs
  6 ball pythons
  17 endoplasms
  2 giant cockroaches
  4 goblins
  4 hobgoblins
  4 jackals (D:2)
  A quokka (D:3)
  4 bats
  7 frilled lizards
  6 kobolds
  7 rats
156 creatures vanquished.

Vanquished Creatures (others)
  6 starspawn tentacles (Abyss:1)
6 creatures vanquished.

Grand Total: 162 creatures vanquished

Notes
Turn   | Place    | Note
-------+----------+-------------------------------------------
     0 | D:1      | Gabide the Demigod Fighter began the quest for the Orb.
     0 | D:1      | Reached XP level 1. HP: 18/18 MP: 3/3
   119 | D:1      | Reached skill level 2 in Polearms
   159 | D:1      | Reached XP level 2. HP: 17/25 MP: 4/4
   802 | D:2      | Reached XP level 3. HP: 27/31 MP: 5/5
  1038 | D:2      | Reached skill level 3 in Polearms
  1227 | D:2      | Found Alaj's Book Shoppe.
  1287 | D:2      | Reached skill level 1 in Dodging
  1497 | D:3      | Reached XP level 4. HP: 38/38 MP: 6/6
  2492 | D:4      | Noticed a sky beast
  2495 | D:4      | Killed a sky beast
  2496 | D:4      | Reached XP level 5. HP: 45/45 MP: 7/7
  2669 | D:4      | Noticed Natasha
  2679 | D:4      | Killed Natasha
  2789 | D:4      | Noticed ripuliukko's ghost (amateur DEEE)
  2856 | D:4      | Found a runed translucent door.
  2875 | D:4      | Reached skill level 4 in Polearms
  2985 | D:4      | Noticed Natasha
  3001 | D:4      | Killed Natasha
  3071 | D:4      | Noticed Natasha
  3079 | D:4      | Killed Natasha
  3587 | D:4      | Killed ripuliukko's ghost
  3588 | D:4      | Reached skill level 5 in Polearms
  3588 | D:4      | Reached XP level 6. HP: 26/51 MP: 8/8
  3706 | D:5      | Entered Level 5 of the Dungeon
  3871 | D:5      | Reached skill level 6 in Polearms
  3871 | D:5      | Identified a scroll of acquirement
  3871 | D:5      | Acquired the +4 pair of gloves of Engaim {*Corrode Will+
                  | SInv}
  3913 | D:5      | Reached XP level 7. HP: 55/57 MP: 9/9
  4828 | D:4      | Reached skill level 5 in Fighting
  5065 | D:6      | Found a staircase to the Ecumenical Temple.
  5141 | D:5      | Reached skill level 1 in Throwing
  5279 | D:6      | Reached XP level 8. HP: 64/70 MP: 10/10
  5777 | D:6      | Reached skill level 7 in Polearms
  5794 | D:6      | Reached skill level 8 in Polearms
  6014 | D:5      | Reached XP level 9. HP: 47/75 MP: 11/11
  6176 | D:6      | Found a transporter.
  6176 | D:6      | Noticed Labrat's ghost (novice MeEE)
  6181 | D:6      | Noticed Blork the orc
  6192 | D:6      | Killed Blork the orc
  6193 | D:6      | Reached skill level 9 in Polearms
  6246 | D:6      | Found a transporter.
  6670 | D:6      | Found Sowuk's Distillery.
  6897 | Temple   | Entered the Ecumenical Temple
  7032 | D:7      | Found Seelah's Book Emporium.
  7146 | D:7      | Reached skill level 10 in Polearms
  7995 | Abyss:1  | Cast into level 1 of the Abyss (gnoll sergeant)
  8125 | Abyss:1  | Noticed a wretched star
  8141 | Abyss:1  | Reached skill level 11 in Polearms
  8153 | Abyss:1  | Noticed a tentacled starspawn
  8195 | Abyss:1  | Noticed a bone dragon
  8200 | Abyss:1  | Slain by a large abomination

Illustrated notes

Levels and vault maps discovered:
D:1:      nzn_arrival_water_spiral, layout_rooms
D:2:      layout_rooms, serial_shops, nicolae_shop_window_shopping
D:3:      wander_river, layout_loops_corners, nemelex_dance_club_becter,
          wander_ebering_terrifying_dragon_lair
D:4:      layout_layer_cave, hellmonk_ghost_happy_afterlife, uniq_natasha
D:5:      layout_gridville
D:6:      layout_basic, mainiacjoe_overflow_catwalk,
          minmay_temple_entry_large_hall, gammafunk_ghost_arena,
          nicolae_take_the_stairs, uniq_blork_the_orc
D:7:      layout_basic, mainiacjoe_overflow_tiny_flanked, serial_shops, shop,
          hangedman_decor_diamond_cutter
D:8:      layout_basic, grunt_temple_overflow_open, hellmonk_lair_entry_icy
Temple:   nicolae_temple_great_sept
Abyss:1:  base:
D:6

Skill      XL: |  1  2  3  4  5  6  7  8  9 |
---------------+----------------------------+-----
Polearms       | 2 3 5 6 8 11 | 11.0
Fighting       | 3 6 |  6.0
Shields        | 3 |  3.0
Armour         | 3 |  3.0
Dodging        | 1 3 |  3.0
Throwing       | 2 3 |  3.0

Action                     |  1- 3 |  4- 6 |  7- 9 || total
---------------------------+-------+-------+-------++-------
  Melee: Trident           |   142 |   171 |   388 ||   701
  Throw: Javelin           |       |       |     9 ||     9
  Evoke: Wand              |       |     3 |     4 ||     7
    Use: Scroll            |     4 |     7 |     6 ||    17
         Potion            |       |     3 |     7 ||    10
 Armour: Scale mail        |     5 |       |       ||     5
         Chain mail        |    70 |    97 |   153 ||   320
  Dodge: Dodged            |    53 |    86 |   163 ||   302
  Block: Buckler           |    20 |    30 |    64 ||   114
